 Dungeon Crawl Stone Soup version 0.30-a0-141-g30f27751c5 (webtiles) character file.

Game seed: 9442767541584420979

151 SigmundSlayer the Cudgeller (level 5, -1/48 HPs)
             Began as a Gargoyle Berserker on Sept 25, 2022.
             Was a Believer of Trog.
             Slain by an iguana (6 damage)
             ... on level 4 of the Dungeon.
             The game lasted 00:02:18 (3931 turns).

SigmundSlayer the Cudgeller (Gargoyle Berserker)    Turns: 3931, Time: 00:02:19

Health: -1/48      AC:  9    Str: 22    XL:     5   Next: 33%
Magic:  5/5        EV: 11    Int:  8    God:    Trog [**....]
Gold:   320        SH:  0    Dex: 15    Spells: 4/4 levels left

rFire   . . .      SeeInvis .    a - +0 mace
rCold   . . .      Faith    .    (no shield)
rNeg    + . .      Spirit   .    i - +0 ring mail
rPois   ∞          Reflect  .    (no helmet)
rElec   +          Harm     .    (no cloak)
rCorr   .          Rampage  .    (no gloves)
Will    .....                    (no boots)
Stlth   ..........               (no amulet)
HPRegen 0.16/turn                h - +6 ring of dexterity
MPRegen 0.09/turn                (no ring)

@: berserking, very quick
A: sickness immunity, AC +4, negative energy resistance 1, electricity
resistance, torment resistance 1, petrification resistance
a: Renounce Religion, Berserk, Trog's Hand


You were on level 4 of the Dungeon.
You worshipped Trog.
Trog was pleased with you.
You visited 1 branch of the dungeon, and saw 4 of its levels.

You collected 320 gold pieces.

Inventory:

Hand Weapons
 a - a +0 mace (weapon)
Armour
 i - a +0 ring mail (worn)
Jewellery
 h - a +6 ring of dexterity (left hand)
Scrolls
 b - a scroll of torment
 d - 3 scrolls of butterflies
 e - 2 scrolls of identify
 f - a scroll of silence
 g - a scroll of enchant armour
 j - a scroll of teleportation
 k - a scroll of blinking
Potions
 c - 2 potions of brilliance {unknown}
 l - a potion of resistance {unknown}
 m - a potion of mutation {unknown}


   Skills:
 - Level 3.2 Fighting
 + Level 5.9 Maces & Flails
 - Level 2.1 Armour
 - Level 1.5 Dodging


You had 4 spell levels left.
You didn't know any spells.
Your spell library was empty.

Dungeon Overview and Level Annotations

Branches:
Dungeon (4/15)
 Temple: D:4-7

Altars:
Cheibriados
Kikubaaqudgha

Shops:
D:3 [


Innate Abilities, Weirdness & Mutations

You are immune to sickness and miasma.
Your stone body is resilient. (AC +4)
You are immune to poison.
You resist negative energy. (rN+)
You are resistant to electric shocks. (rElec)
You are resistant to unholy torment.
You are immune to petrification.


Message History

The human rises from the dead!
An iguana comes into view.
The iguana bites you!
You hit the iguana.
The iguana is lightly wounded.
The iguana closely misses you.
A hobgoblin comes into view.
The hobgoblin shouts!
You hit the iguana but do no damage.
The iguana is lightly wounded.
The iguana barely misses you.
You closely miss the iguana.
The iguana is lightly wounded.
The iguana closely misses you.
You hit the iguana but do no damage.
The iguana is lightly wounded.
The iguana bites you.
You barely miss the iguana.
The iguana is lightly wounded.
The iguana closely misses you.
You closely miss the iguana.
The iguana is lightly wounded.
The iguana bites you!
* * * LOW HITPOINT WARNING * * *
The iguana bites you.
* * * LOW HITPOINT WARNING * * *
You are too injured to fight recklessly!
You are too injured to fight recklessly!
You are too injured to fight recklessly!
You are too injured to fight recklessly!
You are too injured to fight recklessly!
You are too injured to fight recklessly!
You are too injured to fight recklessly!
You are too injured to fight recklessly!
You are too injured to fight recklessly!
You are too injured to fight recklessly!
You are too injured to fight recklessly!
A red film seems to cover your vision as you go berserk!
You feel yourself moving faster!
You feel mighty! The iguana bites you.
You die...

.#.................#
.#.................#
.#.........#...#...#
.#.........#._.#...###
.#.....#####...###...#
.#.....# #####....##
.#.....# ##Z##....#
.#.....# #####....#
##.....# #####@..##
.......# #..gl..#
..###### #.........
..# #........... ..#
#........... ..#
#........... ..#
######'##... ### ..
###


You could see an iguana and a hobgoblin.

Vanquished Creatures
  Robin (D:4)
  5 adders
  A worm (D:2)
  3 dart slugs
  4 orcs
  6 ball pythons
  6 endoplasms
  2 giant cockroaches (D:1)
  18 goblins
  6 hobgoblins
  3 jackals (D:1)
  7 kobolds
  4 quokkas
  2 bats
  6 frilled lizards
  4 rats
78 creatures vanquished.

Vanquished Creatures (others)
  A human (D:4)
1 creature vanquished.

Grand Total: 79 creatures vanquished

Notes
Turn   | Place    | Note
-------+----------+-------------------------------------------
     0 | D:1      | SigmundSlayer the Gargoyle Berserker began the quest for
                  | the Orb.
     0 | D:1      | Reached XP level 1. HP: 14/14 MP: 1/1
   176 | D:1      | Reached XP level 2. HP: 8/19 MP: 2/2
   889 | D:1      | Reached skill level 4 in Maces & Flails
  1024 | D:1      | Reached XP level 3. HP: 23/23 MP: 3/3
  1699 | D:2      | Found a snail-covered altar of Cheibriados.
  1729 | D:2      | Reached XP level 4. HP: 28/28 MP: 4/4
  2262 | D:3      | Reached skill level 5 in Maces & Flails
  2426 | D:3      | Reached ** piety under Trog
  3177 | D:3      | Found Oggaxzum's Antique Armour Shop.
  3411 | D:4      | Noticed Robin
  3420 | D:4      | Reached XP level 5. HP: 18/32 MP: 5/5
  3430 | D:4      | Killed Robin
  3911 | D:4      | Found an ancient bone altar of Kikubaaqudgha.
  3912 | D:4      | Noticed a human
  3914 | D:4      | Killed a human
  3931 | D:4      | Slain by an iguana

Illustrated notes

Levels and vault maps discovered:
D:1:      scummos_arrival_checkerplants, layout_loops_corners
D:2:      layout_loops_ring, basic_altar
D:3:      layout_basic, serial_shops, nicolae_shop_overgrown_old_shop
D:4:      layout_gridville, tgw_kikubaaqudgha, uniq_robin

Skill      XL: |  1  2  3  4 |
---------------+-------------+-----
Maces & Flails | 4 5 |  5.9
Fighting       | |  3.2
Armour         | |  2.1
Dodging        | |  1.5

Action                   |  1- 3 |  4- 6 || total
-------------------------+-------+-------++-------
Melee: Mace              |    90 |   108 ||   198
       Punch             |     1 |     1 ||     2
Invok: Berserk           |     1 |     2 ||     3
       Trog's Hand       |       |     1 ||     1
  Use: Scroll            |       |     8 ||     8
Armor: Animal skin       |    11 |       ||    11
       Ring mail         |    27 |    91 ||   118
Dodge: Dodged            |    70 |    90 ||   160

Table legend: (Time is in decaauts)
 A = Elapsed time spent in this place.
 B = Non-inter-level travel time spent in this place.
 C = Inter-level travel time spent in this place.
 D = Time resting spent in this place.
 E = Time spent auto-exploring this place.
 F = Levels seen in this place.
 G = Mean time per level.
                   A        B        C        D        E       F      G
               +--------+--------+--------+--------+--------+-----+--------+
         Total |   3981 |   3870 |    111 |    260 |   3142 |   4 |  995.2 |
       Dungeon |   3981 |   3870 |    111 |    260 |   3142 |   4 |  995.2 |
               +--------+--------+--------+--------+--------+-----+--------+

Top non-repeatable levels by time:
     D:1: 1512 daAuts
     D:3: 1136 daAuts
     D:2: 769 daAuts
     D:4: 562 daAuts
